 Dungeon Crawl Stone Soup version 0.26.1-11-gd32895ea62 (webtiles) character file.

Game seed: 16092935511913090529

57 Descartes the Sneak (level 3, -2/17 HPs)
             Began as a Felid Wanderer on June 22, 2021.
             Slain by a worker ant (7 damage)
             ... on level 4 of the Dungeon.
             The game lasted 00:05:03 (4945 turns).

Descartes the Sneak (Felid Wanderer)                Turns: 4945, Time: 00:05:03

Health: -2/17      AC:  1    Str: 10    XL:     3   Next: 73%
Magic:  5/5        EV: 18    Int: 12    God:
Gold:   191        SH:  0    Dex: 15    Spells: 3/4 levels left
                                        Lives:  0   Deaths: 1

rFire    . . .     SeeInvis +     - Unarmed
rCold    . . .     Faith    .   (shield unavailable)
rNeg     . . .     Spirit   .   (armour unavailable)
rPois    .         Reflect  .   (helmet unavailable)
rElec    .         Harm     .   (cloak unavailable)
rCorr    .         Rampage  .   (gloves unavailable)
Will     +....                  (boots unavailable)
Stlth    +++.......             (no amulet)
HPRegen  0.05/turn              e - ring of willpower
MPRegen  0.09/turn              (no ring)

@: lethally poisoned (-2 -> -11), quick
A: very small, no armour, no weapons or thrown items, stealth, claws 1, fangs 3,
see invisible, speed 1, shaggy fur 1, sharp paws
a: no special abilities


You were on level 4 of the Dungeon.
You visited 1 branch of the dungeon, and saw 4 of its levels.

You collected 191 gold pieces.

Inventory:

Jewellery
 e - a ring of willpower (left paw)
Wands
 m - a wand of random effects (9)
Scrolls
 c - 2 scrolls of teleportation
 d - 2 scrolls of remove curse {unknown}
 f - 2 scrolls of identify {unknown}
 h - a scroll of blinking {unknown}
 i - a scroll of fog {unknown}
 k - a scroll of magic mapping {unknown}
Potions
 a - a potion of mutation {unknown}
 b - 4 potions of curing
 g - a potion of brilliance {unknown}
 j - a potion of magic {unknown}
 l - a potion of attraction {unknown}


   Skills:
 - Level 3.0 Fighting
 + Level 3.2 Dodging
 + Level 4.0 Stealth
 + Level 3.2 Unarmed Combat
 - Level 1.0 Spellcasting
 - Level 1.7 Ice Magic
 - Level 1.1 Evocations


You had 3 spell levels left.
You knew the following spells:

 Your Spells              Type           Power        Failure   Level
a - Magic Dart            Conj           0%           30%         1

Your spell library contained the following spells:

 Spells                   Type           Power        Failure   Level
 Blink                    Tloc           N/A          41%         2
 Call Imp                 Summ           0%           41%         2
 Slow                     Hex            0%           41%         2
 Conjure Flame            Conj/Fire      0%           65%         3
 Mephitic Cloud           Conj/Pois/Air  0%           65%         3


Dungeon Overview and Level Annotations

Branches:
Dungeon (4/15)
 Temple: D:4-7

Altars:
Elyvilon
Makhleb
Xom


Innate Abilities, Weirdness & Mutations

You cannot wear armour.
You are incapable of wielding weapons or throwing items.
Your paws allow you to move quietly. (Stealth)
You have sharp claws.
You have razor-sharp teeth.
You have supernaturally acute eyesight. (SInv)
You cover ground quickly.
You are covered in fur. (AC +1)
Your sharp claws are effective at attacking unaware monsters.


Message History

You scratch the worker ant but do no damage.
The worker ant barely misses you.
You closely miss the worker ant. The worker ant bites you.
You are lethally poisoned!
The worker ant poisons you!
You are too injured to fight recklessly!
You are too injured to fight recklessly!
You are too injured to fight recklessly!
You are too injured to fight recklessly!
You are too injured to fight recklessly!
You are too injured to fight recklessly!
You are too injured to fight recklessly!
You are too injured to fight recklessly!
There is a lethal amount of poison in your body!
* * * LOW HITPOINT WARNING * * *
You feel sick.
You claw the worker ant!
The worker ant is heavily wounded.
The worker ant bites you!
You die...

#.........##......
#.#.......##.....#
#.##########.....#
#.### #.....#
##.#.. #....<#
#..#.# #.....#
#..#.# #.....#
#.##.# #.....#
#.@B.# #.....#
######


You could see a worker ant.

Vanquished Creatures
  3 adders (D:3)
  A worm (D:2)
  A leopard gecko (D:2)
  8 orcs
  2 ball pythons (D:1)
  7 giant cockroaches
  10 goblins
  9 hobgoblins
  4 jackals (D:3)
  14 kobolds
  4 bats
  2 frilled lizards
  7 rats
  A butterfly (D:3)
73 creatures vanquished.

Notes
Turn   | Place    | Note
-------+----------+-------------------------------------------
     0 | D:1      | Descartes the Felid Wanderer began the quest for the Orb.
     0 | D:1      | Descartes set off with the following items: a potion of
                  | curing, a scroll of teleportation; and the following spell
                  | memorised: Magic Dart; and the following spells available
                  | to memorise: Blink, Call Imp, Slow, Conjure Flame, Mephitic
                  | Cloud
     0 | D:1      | Reached XP level 1. HP: 10/10 MP: 3/3
   326 | D:1      | Reached skill level 2 in Stealth
   343 | D:1      | Reached skill level 1 in Dodging
   353 | D:1      | Reached XP level 2. HP: 14/14 MP: 4/4
   369 | D:1      | You fall into a shaft and drop 1 floor!
  1133 | D:1      | Reached XP level 3. HP: 9/17 MP: 5/5
  1874 | D:2      | Reached skill level 3 in Stealth
  1980 | D:2      | Found a burning altar of Makhleb.
  3144 | D:3      | Reached XP level 4. HP: 21/21 MP: 6/6
  3634 | D:3      | Found a white marble altar of Elyvilon.
  3802 | D:3      | Found a shimmering altar of Xom.
  4217 | D:4      | Noticed an ogre
  4809 | D:4      | Noticed an ogre
  4816 | D:4      | Slain by an ogre
  4817 | D:4      | Reached XP level 3. HP: -1/17 MP: 5/5
  4902 | D:4      | Reached skill level 4 in Stealth
  4945 | D:4      | Slain by a worker ant

Illustrated notes

Levels and vault maps discovered:
D:1:      shiori_shiawase, layout_basic
D:2:      layout_rooms, general_overflow_altar, grunt_ministairs_1,
          kennysheep_generic_room_7
D:3:      layout_loops_ring, xom_butterflies, lemuel_crystal_altar
D:4:      layout_basic, kennysheep_nub

Skill      XL: |  1  2  3  4 |
---------------+-------------+-----
Stealth        | 2 4 |  4.0
Dodging        | 1 2 3 |  3.2
Unarmed Combat | 3 |  3.2
Fighting       | |  3.0
Spellcasting   | |  1.0
Ice Magic      | |  1.7
Evocations     | |  1.1

Action                   |  1- 3 |  4- 6 || total
-------------------------+-------+-------++-------
Melee: Unarmed           |   167 |    63 ||   230
       Bite              |    13 |     7 ||    20
       Punch             |     1 |       ||     1
 Stab: Sleeping          |     7 |     5 ||    12
Armor: Skin              |    11 |     2 ||    13
Dodge: Dodged            |   137 |    35 ||   172
